 Dungeon Crawl Stone Soup version 0.17.2-1-ge4368a0 (webtiles) character file.

11 tidbits the Insei (level 2, 0/22 HPs)
             Began as a Demigod Transmuter on Sept 22, 2017.
             Slain by a jackal (2 damage)
             ... on level 1 of the Dungeon.
             The game lasted 00:01:25 (137 turns).

tidbits the Insei (Demigod Transmuter)               Turns: 137, Time: 00:01:25

Health: 0/22       AC:  2    Str: 13    XL:     2   Next: 3%
Magic:  4/7        EV: 18    Int: 17    God:
Gold:   25         SH:  0    Dex: 21    Spells: 1 memorised, 4 levels left

rFire  . . .     SeeInvis .     a - +1 short sword (drain)
rCold  . . .     Clarity  .     b - +0 robe
rNeg   . . .     SustAt   +     (no shield)
rPois  .         Gourm    .     (no helmet)
rElec  .         Spirit   .     (no cloak)
rCorr  .         Warding  .     (no gloves)
rMut   .         Stasis   .     (no boots)
MR     .....                    (no amulet)
Stlth  +++.......               (no ring)
                                (no ring)

@: agile, appendage (expiring), not resistant to hostile enchantments, fairly
stealthy
A: horns 2, high mp 1, sustain attributes
a: End Transformation


You were on level 1 of the Dungeon.
You were not hungry.
You had grown temporary horns.
You visited 1 branch of the dungeon, and saw 1 of its levels.

You collected 25 gold pieces.

Inventory:

Hand Weapons
 a - a +1 short sword of draining (weapon)
   (You found it on level 1 of the Dungeon)
Missiles
 f - 12 arrows
 h - 25 stones (quivered)
Armour
 b - a +0 robe (worn)
Scrolls
 g - a scroll of recharging {unknown}
Books
 c - a book of Changes

   Spells                             Type                      Level
   a - Beastly Appendage              Transmutation                1
   b - Sticks to Snakes               Transmutation                2
   c - Spider Form                    Transmutation/Poison         3
   d - Ice Form                       Ice/Transmutation            4
   e - Blade Hands                    Transmutation                5
Comestibles
 d - a bread ration


   Skills:
 - Level 0.8 Fighting
 - Level 1.7 Dodging
 - Level 2.7 Unarmed Combat
 + Level 2.2 Spellcasting
 + Level 2.0 Transmutations


You had 4 spell levels left.
You knew the following spells:

 Your Spells              Type           Power        Failure   Level  Hunger
e - Beastly Appendage     Trmt           #.....       10%         1    #......


Dungeon Overview and Level Annotations

Branches:
Dungeon (1/15)


Innate Abilities, Weirdness & Mutations

You have an increased reservoir of magic (+10% MP).
Your attributes are resistant to harm.
You have a pair of horns on your head.


Message History

The giant cockroach is moderately wounded.
The giant cockroach bites you but does no damage.
You hit the giant cockroach. You headbutt the giant cockroach.
You kill the giant cockroach!
You barely miss the kobold.
Your horns disappear.
The kobold hits you with a dagger.
You closely miss the kobold. Your punch misses the kobold.
The kobold misses you.
You hit the kobold.
The kobold is moderately wounded.
The kobold hits you but does no damage.
You barely miss the kobold.
The kobold is moderately wounded.
The kobold hits you but does no damage.
You barely miss the kobold. You punch the kobold, but do no damage.
The kobold is moderately wounded.
The kobold barely misses you. The kobold hits you but does no damage.
Casting: Beastly Appendage
Confirm with . or Enter, or press ? or * to list all spells.
Your feet morph into talons.
The kobold barely misses you.
You barely miss the kobold.
The kobold is moderately wounded.
The kobold hits you but does no damage.
You hit the kobold.
You kill the kobold!
You see here a dagger.
You see here a club.
Found a stone staircase leading down.
You see here 25 stones.
h - 25 stones
Found a dark potion.
A bat comes into view.
Your transformation is almost over.
Casting: Beastly Appendage
Confirm with . or Enter, or press ? or * to list all spells.
You extend your transformation's duration.
Your transformation is almost over.
The bat closely misses you.
You completely miss the bat. Your kick misses the bat.
The bat closely misses you.
You barely miss the bat. The bat barely misses you. The bat barely misses you.
You hit the bat.
You kill the bat!
Your Transmutations skill increases to level 2!
You now have 25 gold pieces (gained 6).
Your magical contamination has completely faded away.
A hobgoblin comes into view. It is wielding a club.
Your talons disappear.
The hobgoblin shouts!
A rat comes into view.
Casting: Beastly Appendage
Confirm with . or Enter, or press ? or * to list all spells.
Your feet morph into talons.
A jackal and a goblin come into view.
The jackal barks!
You hit the hobgoblin.
You kill the hobgoblin!
You have reached level 2!
Your transformation is almost over.
A jackal comes into view.
The rat twitches its whiskers.
You see here a club.
You see here a dagger.
Your talons disappear.
Casting: Beastly Appendage
Confirm with . or Enter, or press ? or * to list all spells.
You grow a pair of large bovine horns.
The jackal barely misses you.
You hit the jackal. Your headbutt misses the jackal.
The jackal is severely wounded.
The jackal bites you. The jackal misses you.
You closely miss the jackal.
The jackal is severely wounded.
The jackal bites you.
* * * LOW HITPOINT WARNING * * *
A bat comes into view.
You miss the jackal.
The jackal is severely wounded.
Your transformation is almost over.
The jackal bites you.
* * * LOW HITPOINT WARNING * * *
The rat twitches its whiskers.
The jackal bites you.
* * * LOW HITPOINT WARNING * * *
You barely miss the jackal.
The jackal is severely wounded.
The jackal bites you.
* * * LOW HITPOINT WARNING * * *
You miss the jackal. Your headbutt misses the jackal.
The jackal is severely wounded.
The jackal bites you.
* * * LOW HITPOINT WARNING * * *
The jackal bites you but does no damage.
Drink which item? (? for menu, Esc to quit)
You can't drink that!
Drink which item? (? for menu, Esc to quit)
It was a potion of agility.
You feel agile all of a sudden. The bat barely misses you.
The jackal bites you.
You die...

..#.........# ..#.........# ####
............# ...# ####........#
##..# # #......).# ###.#.#
##.####g## >.+.#.#####.## #r#
###......##..###h#
##..§≈≈≈§......#@#
...≈≈≈≈≈§§.....#b#
...≈≈≈≈≈§§.....#.###
..[≈≈≈≈≈§..........#
#...§≈≈≈§..........#
#.......§#.........#############
#..####.##.....................#
#.## #..†.....................#
#.# ####.....................#


You could see a jackal, a goblin, a bat and a rat.

Vanquished Creatures
  A bat (D:1)
  A giant cockroach (D:1)
  3 hobgoblins (D:1)
  A kobold (D:1)
  A giant newt (D:1)
  A goblin (D:1)
  2 rats (D:1)
10 creatures vanquished.

Notes
Turn   | Place    | Note
--------------------------------------------------------------
     0 | D:1      | tidbits the Demigod Transmuter began the quest for the Orb.
     0 | D:1      | Reached XP level 1. HP: 15/15 MP: 5/5
    59 | D:1      | Reached skill level 2 in Spellcasting
   108 | D:1      | Reached skill level 2 in Transmutations
   118 | D:1      | Reached XP level 2. HP: 13/22 MP: 3/7
   136 | D:1      | HP: 2/22 [jackal (3)]
   137 | D:1      | Slain by a jackal

Action                   || total
-------------------------++-------
Melee: Short sword       ||    24
       Unarmed           ||     3
 Cast: Beastly Appendage ||     7
  Use: Potion            ||     1

Table legend:
 A = Turns spent in this place as a percentage of turns spent in the entire game.
 B = Non-inter-level travel turns spent in this place as a percentage of non-inter-level travel turns spent in the entire game.
 C = Inter-level travel turns spent in this place as a percentage of turns spent in this place.
 D = Turns resting spent in this place as a percentage of non-inter-level travel turns spent in this place.
 E = Turns spent auto-exploring this place as a percentage of non-inter-level travel turns spent in this place.
 F = Non-inter-level travel turns spent in this place divided by the number of levels of this place that you've seen.
                   A       B       C       D       E      F
               +-------+-------+-------+-------+-------+----------------------
         Total | 100.0 | 100.0 |   0.0 |   0.0 |   0.0 | 139.0
       Dungeon | 100.0 | 100.0 |   0.0 |   0.0 |   0.0 | 139.0
               +-------+-------+-------+-------+-------+----------------------

Table legend:
 A = Kills in this place as a percentage of kills in entire the game.
 B = Kills by you in this place as a percentage of kills by you in the entire game.
 C = Kills by friends in this place as a percentage of kills by friends in the entire game.
 D = Other kills in this place as a percentage of other kills in the entire game.
 E = Experience gained in this place as a percentage of experience gained in the entire game.
 F = Experience gained in this place divided by the number of levels of this place that you have seen.
                   A       B       C       D       E      F
               +-------+-------+-------+-------+-------+----------------------
         Total | 100.0 | 100.0 |  -nan |  -nan | 100.0 |  16.0
       Dungeon | 100.0 | 100.0 |  -nan |  -nan | 100.0 |  16.0
               +-------+-------+-------+-------+-------+----------------------

Vault maps used:
D:1:      dpeg_arrival_pits, st_stairs_10
